[Event "Team 45 45 League T85"]
[Site "Internet Chess Club"]
[Date "2020.08.08"]
[Round "6"]
[White "chessnutdale"]
[Black "Tjet"]
[Result "1-0"]
[WhiteElo "1343"]
[BlackElo "1319"]
[Opening "Sicilian defense"]
[ECO "B20"]
[Time "15:02:13"]
[TimeControl "2700+45"]

1. e4 c5 2. Bc4 e6 3. Nf3 a6 4. a3 b5 5. Ba2 Bb7 6. d3 g6 7. O-O Bg7 8. c3 Ne7
9. Bg5 O-O 10. Nbd2 Nbc6 11. Bh4 d6 12. Ng5 Qd7 13. Qg4 Ne5 14. Qh3 Bc8 15. Nxh7
f6 16. Nxf8 Kxf8 17. f4 Nf7 18. Qf3 Bb7 19. Qg4 f5 20. Bxe7+ Qxe7 21. Qxg6 d5
22. exf5 exf5 23. Qxf5 Qe3+ 24. Rf2 Re8 25. Ne4 c4 26. Nd6 Re7 27. Nxb7 Qxd3 28.
Qc8+ Re8 29. Qc5+ Kg8 30. Raf1 d4 31. Bb1 Qe3 32. Bg6 d3 33. Bxf7+ Kxf7 34. Nd6+
Kg8 35. Qd5+ Qe6 36. Qh5 Rd8 37. Nf5 d2 38. Qg5 Rd7 39. Nd4 Rxd4 40. cxd4 Qe1
41. Qg4 Kh8 42. Qd1 Qxd1 43. Rxd1 Bxd4 44. Rxd2 {Black resigns} 1-0

[Event "Team 45 45 League T85"]
[Site "Internet Chess Club"]
[Date "2020.08.06"]
[Round "6"]
[White "JeffH"]
[Black "pokerram"]
[Result "1/2-1/2"]
[WhiteElo "1795"]
[BlackElo "1548"]
[Opening "Ruy Lopez: Marshall, Kevitz variation"]
[ECO "C89"]
[Time "19:00:35"]
[TimeControl "2700+45"]

1. e4 e5 2. Nf3 Nc6 3. Bb5 a6 4. Ba4 Nf6 5. O-O Be7 6. Re1 b5 7. Bb3 O-O 8. c3
d5 9. exd5 Nxd5 10. Nxe5 Nxe5 11. Rxe5 c6 12. Bxd5 cxd5 13. d4 Bd6 14. Re3 Qh4
15. h3 f5 16. Qf3 Bb7 17. Nd2 Rae8 18. Nf1 f4 19. Rxe8 Rxe8 20. Bd2 Re4 21. Qg4
Qxg4 22. hxg4 Bc8 23. f3 Re2 24. b4 Bc7 25. Re1 Rxe1 26. Bxe1 g5 27. g3 Kg7 28.
gxf4 gxf4 29. Nd2 a5 30. bxa5 Bxa5 31. Nb3 Bb6 32. Nc1 Kg6 33. Nd3 Kg5 34. Bd2
Bc7 35. Kg2 Ba6 36. Nf2 h5 37. Nh3+ Kg6 38. Bxf4 Ba5 39. gxh5+ Kxh5 40. Bd2 Bc7
41. Bf4 Ba5 42. Bd2 Bc7 43. Nf2 Bc8 44. Nd3 Bf5 45. Nb4 Be6 46. Be1 Bf4 47. Nd3
Be3 48. Kg3 Bf5 49. Nf4+ Bxf4+ 50. Kxf4 Bb1 51. a3 Kg6 52. Ke5 Ba2 53. f4 Kf7
54. f5 Bb3 55. f6 Ba2 56. Bh4 Bb3 57. Kd6 Ba2 58. Kc5 {Game drawn by mutual
agreement} 1/2-1/2

[Event "Team 45 45 League T85"]
[Site "Internet Chess Club"]
[Date "2020.08.08"]
[Round "6"]
[White "Constrictor"]
[Black "xingon"]
[Result "1/2-1/2"]
[WhiteElo "1518"]
[BlackElo "1386"]
[Opening "Réti opening"]
[ECO "A05"]
[Time "10:03:44"]
[TimeControl "2700+45"]

1. Nf3 Nf6 2. b4 g6 3. Bb2 Bg7 4. e3 O-O 5. c4 d6 6. Be2 Nbd7 7. d4 Re8 8. O-O
e5 9. Nc3 b6 10. Qc2 Ba6 11. e4 c5 12. dxe5 Nxe5 13. b5 Bb7 14. Nxe5 Rxe5 15. f3
Qe7 16. Nd5 Nxd5 17. Bxe5 Bxe5 18. exd5 Bxa1 19. Rxa1 {Game drawn by mutual
agreement} 1/2-1/2

[Event "Team 45 45 League T85"]
[Site "Internet Chess Club"]
[Date "2020.08.06"]
[Round "6"]
[White "BrerRabbit"]
[Black "Denis240964"]
[Result "0-1"]
[WhiteElo "1397"]
[BlackElo "1447"]
[Opening "Queen's pawn game"]
[ECO "D02"]
[Time "19:00:44"]
[TimeControl "2700+45"]

1. d4 d5 2. Nf3 e6 3. g3 c5 4. c3 Nf6 5. Bg2 Nc6 6. O-O Be7 7. Nbd2 c4 8. b3 b5
9. b4 a5 10. Qc2 axb4 11. cxb4 Bxb4 12. Bb2 O-O 13. Nb1 Qd6 14. Nc3 Bxc3 15.
Bxc3 b4 16. Bd2 Ne4 17. Bf4 Qd7 18. Bd2 Nxd2 19. Qxd2 Ba6 20. Rfb1 Rfb8 21. Ne5
Nxe5 22. dxe5 c3 23. Qc2 Bc4 24. e3 Qb5 25. Bf1 Bxf1 26. Rxf1 Ra3 27. Rfb1 Qc4
28. Rb3 Rba8 29. Rxa3 Rxa3 30. Rb1 Rxa2 31. Qb3 Qxb3 32. Rxb3 c2 33. Rxb4 c1=Q+
34. Kg2 h6 {White resigns} 0-1

[Event "Team 45 45 League T85"]
[Site "Internet Chess Club"]
[Date "2020.08.08"]
[Round "6"]
[White "Megasus"]
[Black "dpmdpm"]
[Result "0-1"]
[WhiteElo "1496"]
[BlackElo "1425"]
[Opening "King's Indian: East Indian defense"]
[ECO "A48"]
[Time "13:00:52"]
[TimeControl "2700+45"]

1. Nf3 Nf6 2. d4 g6 3. e3 Bg7 4. Nbd2 O-O 5. b3 d5 6. Bb2 Bf5 7. h3 Nc6 8. a3
Bd7 9. c4 e6 10. c5 b6 11. Qc2 Qb8 12. b4 bxc5 13. dxc5 Re8 14. b5 Ne7 15. a4 c6
16. Ne5 cxb5 17. Nxd7 Nxd7 18. Bxg7 Kxg7 19. Bxb5 Rd8 20. c6 Rc8 21. Rc1 Qb6 22.
Qb2+ Nf6 23. c7 a6 24. g4 g5 25. Qe5 h6 26. Bd7 Ng6 27. Qa1 Rxc7 28. Rxc7 Qxc7
29. Bxe6 fxe6 30. O-O Qe5 31. Qa3 Ne4 32. Nxe4 Qxe4 33. Qb2+ Kg8 34. Qb7 Rf8 35.
Qxa6 Nh4 {White resigns} 0-1

[Event "Team 45 45 League T85"]
[Site "Internet Chess Club"]
[Date "2020.08.06"]
[Round "6"]
[White "Insan996"]
[Black "Demachaeron"]
[Result "1-0"]
[WhiteElo "1654"]
[BlackElo "1701"]
[Opening "QGD Slav: exchange variation, 6.Bf4 Bf5"]
[ECO "D14"]
[Time "22:11:46"]
[TimeControl "2700+45"]

1. d4 d5 2. c4 c6 3. cxd5 cxd5 4. Nc3 Nc6 5. Nf3 Nf6 6. Bf4 Bf5 7. Qb3 b6 8. e4
Bxe4 9. Bb5 Rc8 10. Ne5 Bxg2 11. Nxc6 Rxc6 12. Bxc6+ Nd7 13. Rg1 Be4 14. Nxd5
Bxd5 15. Qxd5 e6 16. Qb5 g6 17. Rc1 Bg7 18. Bxd7+ Qxd7 19. Rc8+ Ke7 20. Rc7 Rd8
21. Rxd7+ Rxd7 22. Qb4+ Ke8 23. Be5 Bf8 24. Qc4 Kd8 25. Ke2 b5 26. Qc6 Bh6 27.
Bf6+ {Black resigns} 1-0

[Event "Team 45 45 League T85"]
[Site "Internet Chess Club"]
[Date "2020.08.10"]
[Round "6"]
[White "KidRattler"]
[Black "nidusin2"]
[Result "0-1"]
[WhiteElo "1764"]
[BlackElo "1603"]
[Opening "Old Indian: main line"]
[ECO "A55"]
[Time "11:01:33"]
[TimeControl "2700+45"]

1. d4 d6 2. c4 Nf6 3. Nc3 Nbd7 4. e4 e5 5. Nf3 c6 6. Be2 Qc7 7. h3 Be7 8. Be3
Nf8 9. Qc2 Bd7 10. d5 Rc8 11. Qb3 b6 12. Rc1 Qb8 13. O-O h6 14. Nd2 g5 15. f3
Ng6 16. dxc6 Bxc6 17. Nd5 Nh5 18. Kh2 Nhf4 19. Bxf4 gxf4 20. Rg1 Bh4 21. Rgd1
Bxd5 22. cxd5 Ke7 23. Rc6 Bf2 24. Rdc1 Bc5 25. Qb5 Rxc6 26. dxc6 Qc7 27. b4 Be3
28. Rd1 Rc8 29. Nc4 Bd4 30. Qa6 Qxc6 31. Qxa7+ Kf8 32. Qa3 Ra8 33. b5 Rxa3 34.
bxc6 Rxa2 35. c7 Ne7 36. Bf1 Nc8 37. Rc1 Ra7 38. Nxd6 Nxd6 39. c8=R+ Nxc8 40.
Rxc8+ Kg7 41. h4 Ra1 42. Bc4 Rc1 43. Rc7 b5 44. Rxf7+ Kg6 45. h5+ Kxh5 46. Be6
Kh4 47. Rc7 Rxc7 48. g3+ fxg3+ 49. Kg2 Rc2+ 50. Kf1 Rf2+ 51. Ke1 g2 52. f4 g1=Q#
{White checkmated} 0-1

[Event "Team 45 45 League T85"]
[Site "Internet Chess Club"]
[Date "2020.08.06"]
[Round "6"]
[White "bardu"]
[Black "seattleblues"]
[Result "1-0"]
[WhiteElo "1318"]
[BlackElo "1242"]
[Opening "Queen's pawn game"]
[ECO "E20"]
[Time "18:00:35"]
[TimeControl "2700+45"]

1. d4 Nf6 2. c4 e6 3. Nc3 b6 4. e4 d5 5. cxd5 exd5 6. e5 Ne4 7. Nxe4 dxe4 8. Ne2
Bb7 9. Be3 Nc6 10. a3 Be7 11. Qc2 Na5 12. b4 Nc6 13. Rd1 O-O 14. Qxe4 Nxb4 15.
Qxb7 Nc2+ 16. Kd2 Nxa3 17. Qc6 Bb4+ 18. Nc3 Re8 19. f4 Re6 20. Qe4 Nc4+ 21. Bxc4
{Black resigns} 1-0

[Event "Team 45 45 League T85"]
[Site "Internet Chess Club"]
[Date "2020.08.07"]
[Round "6"]
[White "laurenpar"]
[Black "Ohanessian"]
[Result "0-1"]
[WhiteElo "1900"]
[BlackElo "2018"]
[Opening "Dutch, 2.Bg5 variation"]
[ECO "A80"]
[Time "20:32:27"]
[TimeControl "2700+45"]

1. d4 f5 2. Bg5 h6 3. Bh4 g5 4. e3 Nf6 5. Bg3 d6 6. h4 g4 7. h5 e6 8. Nd2 Nc6 9.
c3 Qe7 10. Bh4 Bd7 11. Ne2 Bg7 12. Nf4 Qf7 13. Bxf6 Bxf6 14. Qb3 O-O-O 15. O-O-O
Bg5 16. g3 Bxf4 17. exf4 Na5 18. Qa3 Bc6 19. Rh2 b6 20. Nc4 Nxc4 21. Bxc4 Kb8
22. Qb3 Qe8 23. Re1 Ba4 24. Qa3 e5 25. fxe5 dxe5 26. b3 Bc6 27. Rxe5 Qd7 28. Be6
Qg7 29. Rxf5 Rhe8 30. Bc4 Rxd4 31. cxd4 Qxd4 32. Rf8 Qc3+ 33. Kd1 Bf3+ 34. Be2
Bxe2# {White checkmated} 0-1

[Event "Team 45 45 League T85"]
[Site "Internet Chess Club"]
[Date "2020.08.08"]
[Round "6"]
[White "fishhead"]
[Black "ulfbert"]
[Result "0-1"]
[WhiteElo "1750"]
[BlackElo "1843"]
[Opening "Sicilian: Pelikan, Chelyabinsk variation"]
[ECO "B33"]
[Time "14:05:37"]
[TimeControl "2700+45"]

1. e4 c5 2. Nf3 Nc6 3. d4 cxd4 4. Nxd4 Nf6 5. Nc3 e5 6. Ndb5 d6 7. Bg5 a6 8. Na3
b5 9. Nd5 Be7 10. Bxf6 Bxf6 11. c4 b4 12. Nc2 O-O 13. Be2 a5 14. Bg4 Be6 15. O-O
Bg5 16. g3 a4 17. Bxe6 fxe6 18. Ndxb4 Na5 19. Na3 Qb6 20. Nd3 Qd4 21. b3 Qxe4
22. Nb5 Rad8 23. Qc2 Qb7 24. b4 Nc6 25. Qxa4 e4 26. Nxd6 Rxd6 27. Nc5 Qf7 28.
Nxe4 Nd4 29. Nxg5 Qh5 30. f4 Ne2+ 31. Kg2 Nxf4+ 32. Kh1 Rd2 33. Nf3 Qh3 34. Rg1
Nd3 35. Raf1 Nf2+ 36. Rxf2 Rxf2 37. Qc6 R8xf3 {White resigns} 0-1

[Event "Team 45 45 League T85"]
[Site "Internet Chess Club"]
[Date "2020.08.07"]
[Round "6"]
[White "Portola"]
[Black "haofangzhu"]
[Result "1/2-1/2"]
[WhiteElo "1685"]
[BlackElo "1793"]
[Opening "King's Indian: Torre attack"]
[ECO "A48"]
[Time "17:00:12"]
[TimeControl "2700+45"]

1. d4 Nf6 2. Nf3 g6 3. Bg5 Bg7 4. c3 d5 5. e3 O-O 6. Nbd2 Nbd7 7. Bd3 c5 8. a4
Re8 9. O-O b6 10. Re1 Bb7 11. Bb5 h6 12. Bh4 a6 13. Bd3 Ne4 14. Bc2 Rc8 15. Nxe4
dxe4 16. Nd2 g5 17. Bg3 f5 18. Bb3+ Kh7 19. Be6 Ra8 20. Bxf5+ Kh8 21. Bxe4 Qc8
22. Bxb7 Qxb7 23. Qf3 Qc8 24. Qe2 Qc6 25. Nf3 Qe4 26. Nd2 Qc6 27. Red1 Rad8 28.
Nf3 Qb7 29. d5 Nf6 30. c4 b5 31. Ne5 Kg8 32. axb5 axb5 33. Nc6 Ra8 34. cxb5 Ne4
35. Be5 Rxa1 36. Rxa1 Bxe5 37. Nxe5 Qxd5 38. Qh5 Rf8 39. Rd1 Qxe5 40. Qg6+ Kh8
{Game drawn by mutual agreement} 1/2-1/2

[Event "Team 45 45 League T85"]
[Site "Internet Chess Club"]
[Date "2020.08.09"]
[Round "6"]
[White "fileman"]
[Black "cadmiumorange"]
[Result "1/2-1/2"]
[WhiteElo "1848"]
[BlackElo "1684"]
[Opening "Scandinavian defense"]
[ECO "B01"]
[Time "09:04:05"]
[TimeControl "2700+45"]

1. e4 d5 2. exd5 Nf6 3. Nf3 Nxd5 4. d4 Bg4 5. Be2 e6 6. O-O Be7 7. c4 Nf6 8. Nc3
O-O 9. h3 Bh5 10. Bf4 a6 11. Ne5 Bxe2 12. Nxe2 Nbd7 13. Nxd7 Qxd7 14. Qc2 Rfd8
15. Rad1 Qc6 16. Rd2 Rac8 17. Rfd1 Qe4 18. Qxe4 Nxe4 19. Rd3 c5 20. d5 exd5 21.
Rxd5 Rxd5 22. Rxd5 Rd8 23. Rxd8+ Bxd8 24. f3 Nf6 25. Bg5 h6 26. Bxf6 Bxf6 27. b3
Kf8 28. Nf4 Bd4+ 29. Kf1 Ke7 30. Ke2 Kd6 31. Kd3 b5 32. Ke4 bxc4 33. bxc4 a5 34.
h4 g5 35. hxg5 hxg5 36. Ne2 Be5 37. Kf5 f6 38. a4 Ke7 39. Nc1 Bc3 40. Ne2 Be5
41. g4 Kf7 42. Ng1 Bd4 43. Nh3 Be3 44. Ke4 Bd4 45. f4 Kg6 46. f5+ Kf7 47. Kd5
Ke7 48. Kc6 Kd8 49. Kb6 Kc8 50. Kxa5 Kb7 51. Kb5 Ka7 52. Ka5 Kb7 53. Kb5 Ka7 54.
a5 Kb7 55. a6+ Ka7 56. Ka5 Bc3+ 57. Kb5 Bd4 58. Ka5 Bc3+ 59. Kb5 Bd4 60. Ka5
Bc3+ {Game drawn by repetition} 1/2-1/2

[Event "Team 45 45 League T85"]
[Site "Internet Chess Club"]
[Date "2020.08.10"]
[Round "6"]
[White "PolishRyszard"]
[Black "Eric1127"]
[Result "1-0"]
[WhiteElo "1822"]
[BlackElo "1664"]
[Opening "Queen's pawn game"]
[ECO "D00"]
[Time "13:07:56"]
[TimeControl "2700+45"]

1. d4 Nf6 2. Nc3 d5 3. Bf4 g6 4. e3 Bg7 5. h4 O-O 6. h5 Bg4 7. f3 Bxh5 8. g4 g5
9. gxh5 gxf4 10. h6 Bh8 11. Nge2 Re8 12. Nxf4 e6 13. Qd2 Nbd7 14. O-O-O Nf8 15.
e4 dxe4 16. fxe4 e5 17. Qg2+ Ng6 18. dxe5 Qe7 19. exf6 Qxf6 20. Nxg6 hxg6 21.
h7+ Kg7 22. Bc4 Qe5 23. Rdf1 Rf8 24. Qd2 f5 25. Qh6+ Kf6 26. Rxf5+ Qxf5 27. exf5
Kxf5 28. Rf1+ Ke5 29. Qe3+ Kd6 30. Qe6+ Kc5 31. Qd5+ {Black resigns} 1-0

[Event "Team 45 45 League T85"]
[Site "Internet Chess Club"]
[Date "2020.08.06"]
[Round "6"]
[White "Ehab"]
[Black "walkover"]
[Result "1-0"]
[WhiteElo "1739"]
[BlackElo "1722"]
[Opening "Sicilian: Kan, Maróczy bind (Réti variation)"]
[ECO "B41"]
[Time "14:02:50"]
[TimeControl "2700+45"]

1. e4 c5 2. Nf3 e6 3. d4 cxd4 4. Nxd4 a6 5. c4 Nf6 6. Nc3 Qc7 7. Bd3 Nc6 8. Nxc6
dxc6 9. O-O e5 10. h3 Bc5 11. Bg5 Be7 12. a4 a5 13. Qc2 Nh5 14. Bxe7 Qxe7 15.
Ne2 Qg5 16. Qc1 Qg6 17. Kh2 O-O 18. Qe3 Qd6 19. c5 Qc7 20. g3 Kh8 21. Qg5 Qd8
22. Qe3 Qc7 23. Rad1 Be6 24. Qg5 g6 25. f4 f5 26. exf5 Bxf5 27. Bc4 exf4 28.
Nxf4 Nxf4 29. Rxf4 Qe5 30. Rd2 Rae8 31. Rdf2 Qc7 32. Bd3 Qg7 33. Bxf5 gxf5 34.
Qh5 Rg8 35. Qf3 Re5 36. Qc3 Rd8 37. Qxa5 Rd3 38. Rg2 Qe7 39. b4 Rd1 40. Qa8+ Rd8
41. Qa7 Rd1 42. g4 Qc7 43. gxf5 Rxf5 44. Qa8+ Rd8 45. Qxd8+ Qxd8 46. Rxf5 Qc7+
47. Kg1 Qe7 48. Kf1 h6 49. Rgf2 Kg7 50. Rf7+ Qxf7 51. Rxf7+ Kxf7 52. Kg2 Ke6 53.
Kf3 Kd5 54. Kg4 Kc4 55. Kh5 Kxb4 56. Kxh6 Kxa4 57. Kg5 b5 58. cxb6 {Black
resigns} 1-0

[Event "Team 45 45 League T85"]
[Site "Internet Chess Club"]
[Date "2020.08.10"]
[Round "6"]
[White "pishd"]
[Black "trombone"]
[Result "0-1"]
[WhiteElo "1758"]
[BlackElo "1799"]
[Opening "Queen's pawn game, Rubinstein (Colle-Zukertort) variation"]
[ECO "D05"]
[Time "13:35:28"]
[TimeControl "2700+45"]

1. d4 d5 2. Nf3 e6 3. e3 Nf6 4. Bd3 c5 5. b3 Nc6 6. Bb2 Bd6 7. Nbd2 Qe7 8. O-O
O-O 9. a3 e5 10. dxc5 Bxc5 11. e4 Bg4 12. exd5 Nxd5 13. Qe1 Rfe8 14. Qe4 Nf6 15.
Qc4 Bb6 16. Rfe1 Rac8 17. Qb5 Bd7 18. h3 Nd4 19. Qxe5 Qxe5 20. Rxe5 Rxe5 21.
Nxe5 Be6 22. Nec4 Rd8 23. Bc3 Bc7 24. a4 b6 25. Kf1 Nh5 26. Bxd4 Rxd4 27. Nf3
Rd8 28. Ke1 Nf4 29. Bf1 Bd5 30. Ne3 Bxf3 31. gxf3 Be5 32. Ng2 Nxg2+ 33. Bxg2
Bxa1 {White resigns} 0-1

[Event "Team 45 45 League T85"]
[Site "Internet Chess Club"]
[Date "2020.08.07"]
[Round "6"]
[White "LookImYourVader"]
[Black "fishhead"]
[Result "1/2-1/2"]
[WhiteElo "1757"]
[BlackElo "1763"]
[Opening "Réti opening"]
[ECO "A05"]
[Time "15:00:17"]
[TimeControl "2700+45"]

1. Nf3 Nf6 2. b3 g6 3. Bb2 Bg7 4. g3 c5 5. Bg2 O-O 6. c4 d5 7. cxd5 Nxd5 8. Bxg7
Kxg7 9. O-O Nc6 10. d4 cxd4 11. Nxd4 Nxd4 12. Qxd4+ Nf6 13. Rd1 Qxd4 14. Rxd4
Rb8 15. Nc3 e5 16. Rd6 Be6 17. Rad1 Rfc8 18. Ne4 Rc2 19. Ng5 Rxe2 20. Nxe6+ fxe6
21. Rxe6 Kf7 22. Bf3 Kxe6 23. Bxe2 b5 24. Rc1 Rb6 25. Rc7 a6 26. h4 Kd5 27. g4
Rc6 28. Rf7 Ke4 29. g5 Nd5 30. Bf3+ Kd4 31. Bxd5 Kxd5 32. Rxh7 Ke6 {Game drawn
by mutual agreement} 1/2-1/2

[Event "Team 45 45 League T85"]
[Site "Internet Chess Club"]
[Date "2020.08.07"]
[Round "6"]
[White "Goli"]
[Black "trombone"]
[Result "1/2-1/2"]
[WhiteElo "1785"]
[BlackElo "1783"]
[Opening "Robatsch (modern) defense"]
[ECO "B06"]
[Time "13:30:44"]
[TimeControl "2700+45"]

1. e4 g6 2. d4 Bg7 3. c4 d6 4. Nf3 e5 5. dxe5 dxe5 6. Qxd8+ Kxd8 7. Be2 f6 8.
Nc3 c6 9. Be3 Be6 10. O-O-O+ Kc7 11. c5 b5 12. cxb6+ axb6 13. a3 Nh6 14. h3 Nf7
15. Kc2 Nd7 16. Nd2 Nd6 17. f3 Rhd8 18. g4 b5 19. h4 Bf8 20. g5 f5 21. h5 f4 22.
Bf2 Be7 23. hxg6 hxg6 24. Nb3 Nf7 25. Bh4 Rh8 26. Bf2 Bxg5 27. Nc5 Nxc5 28. Bxc5
Rxh1 29. Rxh1 Rd8 30. Rg1 Rg8 31. a4 bxa4 32. Nxa4 Rb8 33. b4 Ra8 34. Nc3 Rg8
35. Ra1 Nd8 36. Ra7+ Nb7 37. Ba6 Bc8 38. Bc4 Rh8 39. b5 Kb8 40. Bb6 Bd8 41. Ra6
Bxb6 42. Rxb6 cxb5 43. Nxb5 g5 44. Bd5 Rh7 45. Nd6 Rc7+ 46. Kd2 {Game drawn by
mutual agreement} 1/2-1/2

[Event "Team 45 45 League T85"]
[Site "Internet Chess Club"]
[Date "2020.08.06"]
[Round "6"]
[White "rookmaster23"]
[Black "cityprosecutor"]
[Result "1-0"]
[WhiteElo "1668"]
[BlackElo "1647"]
[Opening "Pirc: classical system, 5.Be2"]
[ECO "B08"]
[Time "22:00:33"]
[TimeControl "2700+45"]

1. e4 d6 2. d4 Nf6 3. Nc3 g6 4. Nf3 Bg7 5. Be2 Nc6 6. h3 a6 7. a4 O-O 8. O-O e5
9. dxe5 dxe5 10. Qxd8 Rxd8 11. Bg5 Be6 12. Nxe5 Nxe5 13. f4 Rd4 14. fxe5 Nxe4
15. Nxe4 Rxe4 16. Bf3 Rxe5 17. Bf4 Rc5 18. Bxb7 Rb8 19. Bxa6 Rxc2 20. Rac1 Rbxb2
21. Rxc2 Rxc2 22. Rb1 Bd4+ 23. Kh1 Bd5 24. Bf1 Bb6 25. Bh6 Rc3 26. Kh2 Rb3 27.
Re1 Be6 28. Bc4 Re3 29. Bxe3 Bxc4 30. Bxb6 cxb6 31. Rb1 {Black resigns} 1-0

[Event "Team 45 45 League T85"]
[Site "Internet Chess Club"]
[Date "2020.08.09"]
[Round "6"]
[White "Egmont"]
[Black "Rookmaster"]
[Result "1-0"]
[WhiteElo "1750"]
[BlackElo "1559"]
[Opening "Colle system"]
[ECO "D05"]
[Time "07:01:37"]
[TimeControl "2700+45"]

1. d4 d5 2. Nf3 Nf6 3. e3 e6 4. Bd3 c5 5. c3 Nc6 6. O-O Be7 7. Nbd2 c4 8. Bc2 b5
9. e4 dxe4 10. Nxe4 Nxe4 11. Bxe4 Bb7 12. Ne5 Qc7 13. Bf4 Bd6 14. Qf3 Nxe5 15.
dxe5 Bxe4 16. Qxe4 {Black resigns} 1-0

[Event "Team 45 45 League T85"]
[Site "Internet Chess Club"]
[Date "2020.08.05"]
[Round "6"]
[White "room-matt"]
[Black "handsomematch"]
[Result "1/2-1/2"]
[WhiteElo "1753"]
[BlackElo "1636"]
[Opening "Bishop's opening: Berlin defense"]
[ECO "C24"]
[Time "12:00:27"]
[TimeControl "2700+45"]

1. e4 e5 2. Bc4 Nf6 3. d3 Bc5 4. Nc3 h6 5. f4 d6 6. f5 Nc6 7. Nf3 Na5 8. Bb3
Nxb3 9. axb3 Qe7 10. Qe2 c6 11. Be3 d5 12. Bxc5 Qxc5 13. exd5 Nxd5 14. Qxe5+ Qe7
15. Nxd5 Qxe5+ 16. Nxe5 cxd5 17. O-O O-O 18. Ra5 Rd8 19. g4 b6 20. Ra4 Re8 21.
Re1 f6 22. Nf3 Rxe1+ 23. Nxe1 Kf8 24. Nf3 Bd7 25. Ra1 h5 26. h3 a5 27. b4 Rc8
28. bxa5 bxa5 29. Rxa5 Rxc2 30. b4 Rb2 31. Nd4 Ke7 32. Rxd5 Rxb4 33. Kf2 Rb2+
34. Kg3 Rd2 35. Nf3 Rd1 36. gxh5 Bc6 37. Rd4 Bb5 38. Re4+ Kd6 39. Re6+ Kd7 40.
d4 Bc6 41. Kf2 Bxf3 42. Kxf3 Rd3+ 43. Kg2 Rd2+ 44. Kf1 Rxd4 45. h6 gxh6 46. Rxf6
Rf4+ 47. Kg2 Ke7 48. Kg3 Rf1 49. Re6+ Kf7 50. Kg4 Rg1+ 51. Kf4 Rf1+ 52. Kg4 Rg1+
53. Kh5 Rg5+ 54. Kxh6 Rxf5 55. Rc6 Rf6+ 56. Rxf6+ Kxf6 57. h4 Kf7 58. Kg5 Kg8
59. Kg6 Kh8 60. h5 Kg8 61. Kg5 Kh8 62. Kg4 Kg8 63. h6 Kh8 64. Kf5 Kg8 65. Kg6
Kh8 66. Kf6 Kh7 67. Kg5 Kg8 68. Kg6 Kh8 69. h7 {Black stalemated} 1/2-1/2

[Event "Team 45 45 League T85"]
[Site "Internet Chess Club"]
[Date "2020.08.10"]
[Round "6"]
[White "ChessJayden"]
[Black "zugknightly"]
[Result "0-1"]
[WhiteElo "1682"]
[BlackElo "1698"]
[Opening "Sicilian: Pelikan, Chelyabinsk variation"]
[ECO "B33"]
[Time "14:04:55"]
[TimeControl "2700+45"]

1. e4 c5 2. Nf3 Nc6 3. d4 cxd4 4. Nxd4 Nf6 5. Nc3 e5 6. Ndb5 d6 7. Bg5 a6 8. Na3
b5 9. Nd5 Be7 10. Bxf6 Bxf6 11. c3 Bg5 12. Nc2 O-O 13. Be2 Ne7 14. Nce3 Be6 15.
O-O Bxe3 16. Nxe3 d5 17. exd5 Nxd5 18. Nxd5 Bxd5 19. a4 Bc4 20. Qc2 Qc7 21. axb5
axb5 22. Rxa8 Rxa8 23. Rd1 g6 24. Bf3 Rd8 25. Rxd8+ Qxd8 26. Be2 Qd5 27. Bxc4
bxc4 28. f3 f5 29. Kf1 Kf7 30. Ke2 Ke6 31. Qd2 Qxd2+ 32. Kxd2 e4 33. f4 Kd5 34.
Ke2 h6 35. g3 h5 36. h4 Kc6 37. Ke3 Kc5 38. Ke2 Kb5 39. Ke3 Ka4 40. Kd4 Kb3 41.
Ke5 e3 42. Kf6 e2 43. Kxg6 e1=Q 44. Kxh5 Qxg3 45. Kh6 Qxh4+ 46. Kg6 Qg4+ 47. Kf6
Qxf4 48. Kg6 Kxb2 49. Kf6 Kxc3 50. Kg6 Kd2 51. Kh5 c3 52. Kg6 c2 53. Kh5 Qg4+
54. Kh6 c1=Q 55. Kh7 Qh1# {White checkmated} 0-1

[Event "Team 45 45 League T85"]
[Site "Internet Chess Club"]
[Date "2020.08.10"]
[Round "6"]
[White "Yedixon"]
[Black "eevee11"]
[Result "1-0"]
[WhiteElo "1633"]
[BlackElo "694"]
[Opening "English: Anglo-Grünfeld, Smyslov defense"]
[ECO "A16"]
[Time "13:07:01"]
[TimeControl "2700+45"]

1. c4 Nf6 2. Nc3 d5 3. cxd5 Nxd5 4. g3 g6 5. Bg2 Nxc3 6. bxc3 Bg7 7. Rb1 Nd7 8.
Qa4 O-O 9. Bxb7 Bxb7 10. Rxb7 Nc5 11. Qb5 Nxb7 12. Qxb7 Qd6 13. Nf3 Qb6 14. Qe4
Qa6 15. a4 e6 16. Ba3 Rfb8 17. O-O Qb7 18. Qh4 f5 19. Ng5 h6 20. Nxe6 Re8 21.
Qc4 Qe4 22. Qxe4 fxe4 23. Nxc7 Kf7 24. Nxa8 Rxa8 25. Rb1 Rd8 26. Rb2 {Black
resigns} 1-0

[Event "Team 45 45 League T85"]
[Site "Internet Chess Club"]
[Date "2020.08.11"]
[Round "6"]
[White "aec7r3b"]
[Black "doudou2011"]
[Result "1/2-1/2"]
[WhiteElo "1337"]
[BlackElo "1282"]
[Opening "Sicilian: Pelikan (Lasker/Sveshnikov) variation"]
[ECO "B33"]
[Time "16:31:04"]
[TimeControl "2700+45"]

1. e4 c5 2. Nf3 Nc6 3. d4 cxd4 4. Nxd4 Nf6 5. Nc3 e5 6. Ndb5 d6 7. f3 a6 8. Na3
b5 9. Nd5 Be7 10. Be3 O-O 11. Qd2 Bb7 12. O-O-O Rc8 13. Nxe7+ Nxe7 14. Qxd6 Qxd6
15. Rxd6 Rc7 16. Bb6 Rcc8 17. g4 Rb8 18. g5 Nh5 19. Rd7 Nc6 20. Bc7 Ra8 21. Bxe5
Bc8 22. Rd5 Be6 23. Rc5 Nxe5 24. Rxe5 Rac8 25. Kb1 Nf4 26. b4 Rc3 27. Kb2 Rfc8
28. Rc5 R8xc5 29. bxc5 Rxc5 30. h4 b4 31. Nb1 a5 32. Ba6 Rc6 33. Bb5 Rd6 34. Rh2
g6 35. Rd2 Rxd2 36. Nxd2 Ng2 37. Bc4 Nxh4 38. Bxe6 fxe6 39. Kb3 Ng2 40. Ka4 Ne3
41. Kb3 Ng2 42. Ka4 Ne1 43. Kb3 Kf7 44. c3 bxc3 45. Kxc3 Ke7 46. Kd4 Ng2 47. Nb3
a4 48. Nc5 Ne1 49. Ke3 a3 50. e5 Nc2+ 51. Kd2 Nb4 52. Kc3 Nxa2+ 53. Kb3 Nc1+ 54.
Kxa3 Ne2 55. Nd3 Kd7 56. Kb4 Kc6 57. Kc4 Kd7 58. Nc5+ Ke7 59. Kd3 Nf4+ 60. Ke4
Nd5 61. Kd4 Nf4 62. Ke4 Nd5 63. Nd3 Nc3+ 64. Ke3 Nd5+ 65. Kd4 Kd7 66. Nc5+ Ke7
67. Ne4 Kf7 68. Nf6 Nxf6 69. exf6 h6 70. f4 h5 71. Ke3 Kf8 72. Kf3 Kf7 73. Kg3
Kf8 74. Kh4 Kf7 75. Kg3 Kf8 76. Kh4 Kf7 77. Kg3 Kf8 78. Kh4 {Game drawn by
repetition} 1/2-1/2

[Event "Team 45 45 League T85"]
[Site "Internet Chess Club"]
[Date "2020.08.10"]
[Round "6"]
[White "mongmong"]
[Black "noblitz-oblige"]
[Result "1/2-1/2"]
[WhiteElo "1439"]
[BlackElo "1490"]
[Opening "Queen's pawn: Yusupov-Rubinstein system"]
[ECO "A46"]
[Time "21:30:32"]
[TimeControl "2700+45"]

1. d4 Nf6 2. Nf3 e6 3. e3 Nc6 4. c3 Ne7 5. Bd3 Ng6 6. Nbd2 d6 7. O-O Be7 8. Ne4
e5 9. Nxf6+ Bxf6 10. dxe5 Nxe5 11. Nxe5 Bxe5 12. e4 O-O 13. f4 Bf6 14. Be3 Bd7
15. Qc2 g6 16. Bd4 Bxd4+ 17. cxd4 f5 18. e5 dxe5 19. dxe5 Be6 20. Rad1 Qe7 21.
a3 Rad8 22. Be2 c6 23. Bf3 Rxd1 24. Rxd1 Rd8 25. Rd2 Rxd2 26. Qxd2 Qd7 27. Qxd7
Bxd7 28. Kf2 Kf7 29. Ke3 Ke6 30. Kd4 b6 31. b4 h6 32. a4 c5+ 33. bxc5 bxc5+ 34.
Kxc5 Bxa4 35. Bc6 Bc2 36. Kb5 Be4 37. g3 a6+ 38. Kc5 Bd3 39. Bd5+ Ke7 40. Kb6
Kd7 41. Bc6+ Ke7 42. Bb7 Be4 43. Bxa6 Bf3 44. Kc5 g5 45. Bc4 g4 46. Bg8 Be4 47.
Kd4 Bf3 48. Bd5 Bd1 49. Bg2 h5 50. h3 Ke6 51. hxg4 hxg4 52. Bb7 Bc2 53. Kc5 Ke7
54. Bc8 Bb1 55. Kd4 Bc2 56. Kc5 Bb1 57. Kd5 Bc2 58. e6 Bb3+ 59. Ke5 Bc2 60. Ba6
Bb1 61. Bc4 Bc2 62. Be2 Bb1 63. Bxg4 fxg4 64. f5 Ba2 65. f6+ Ke8 66. Kf5 Bb3 67.
e7 Kf7 68. Kxg4 Ba4 69. Kf5 Bd7+ 70. Ke5 Be8 71. g4 Kg6 72. g5 Kxg5 73. Ke6 Kg6
74. Ke5 Kf7 75. Kf5 Bd7+ 76. Kg5 Be8 77. Kf5 Bd7+ 78. Ke5 Be8 {Game drawn by
mutual agreement} 1/2-1/2